 Dungeon Crawl Stone Soup version 0.29-a0-575-g0dc89cf (webtiles) character file.

Game seed: 11448381519187729494

29 BingusPrime the Digger (level 3, -1/19 HPs)
             Began as a Gargoyle Earth Elementalist on June 12, 2022.
             Frozen to death by an endoplasm (4 damage)
             ... on level 2 of the Dungeon.
             The game lasted 00:03:06 (1771 turns).

BingusPrime the Digger (GrEE)                       Turns: 1771, Time: 00:03:07

Health: -1/19      AC:  6    Str: 13    XL:     3   Next: 16%
Magic:  3/6        EV: 11    Int: 15    God:
Gold:   66         SH:  0    Dex: 10    Spells: 5/6 levels left

rFire   . . .      SeeInvis .   k - +0 dagger (drain)
rCold   . . .      Faith    .   (no shield)
rNeg    + . .      Spirit   .   i - +0 leather armour
rPois   ∞          Reflect  .   (no helmet)
rElec   +          Harm     .   (no cloak)
rCorr   .          Rampage  .   (no gloves)
Will    .....                   (no boots)
Stlth   ++........              (no amulet)
HPRegen 0.06/turn               (no ring)
MPRegen 0.10/turn               (no ring)

@: no status effects
A: sickness immunity, AC +3, negative energy resistance 1, electricity
resistance, torment resistance 1, petrification resistance
a: no special abilities


You were on level 2 of the Dungeon.
You visited 1 branch of the dungeon, and saw 2 of its levels.

You collected 66 gold pieces.

Inventory:

Hand Weapons
 h - a +0 short sword
 k - a +0 dagger of draining (weapon)
Missiles
 f - 2 poisoned darts
 p - 20 stones
Armour
 a - a +0 robe
 i - a +0 leather armour (worn)
Scrolls
 g - a scroll of identify {unknown}
 m - 2 scrolls of teleportation {unknown}
 n - a scroll of poison {unknown}
 o - a scroll of immolation {unknown}
Potions
 b - a potion of magic
 c - 2 potions of might {unknown}
 d - 2 potions of flight {unknown}
 e - a potion of haste {unknown}
 j - a potion of curing {unknown}
 l - a potion of lignification {unknown}


   Skills:
 + Level 1.9 Dodging
 + Level 2.7 Stealth
 + Level 2.3 Spellcasting
 + Level 1.2 Transmutations
 + Level 3.9 Earth Magic


You had 5 spell levels left.
You knew the following spells:

 Your Spells              Type           Power      Damage    Failure   Level
a - Sandblast             Erth           26%        2d8       5%          1

Your spell library contained the following spells:

 Spells                   Type           Power      Damage    Failure   Level
 Passwall                 Tmut/Erth      7%         N/A       14%         2
 Stone Arrow              Conj/Erth      14%        3d7       36%         3
 Petrify                  Tmut/Erth      9%         N/A       67%         4


Dungeon Overview and Level Annotations

Branches:
Dungeon (2/15)

Altars:


Innate Abilities, Weirdness & Mutations

You are immune to sickness and miasma.
Your stone body is resilient. (AC +3)
You are immune to poison.
You resist negative energy. (rN+)
You are resistant to electric shocks. (rElec)
You are resistant to unholy torment.
You are immune to petrification.


Message History

You miss the adder.
The adder is moderately wounded.
The adder bites you.
Casting: Sandblast (safe; 6% risk of failure)
Confirm with . or Enter, or press ? or * to list all spells.
Aiming: Sandblast (safe; 6% risk of failure)
Press: ? - help, Shift-Dir - straight line, f/p - adder
Aim: an adder (moderately wounded, 66% to hit)
The blast of sand hits the adder!
The adder is almost dead.
The adder bites you but does no damage. The quokka barely misses you.
The adder closely misses you. The quokka closely misses you.
The adder bites you.
You closely miss the adder.
The adder is almost dead.
The quokka bites you but does no damage.
The adder barely misses you. The endoplasm hits you. The quokka misses you.
You closely miss the adder.
The adder is almost dead.
The adder barely misses you. The quokka completely misses you.
The endoplasm misses you.
You hit the adder.
You kill the adder!
The quokka bites you but does no damage.
The endoplasm freezes you.
You are frozen.
* * * LOW HITPOINT WARNING * * *
You have reached level 3!
Your experience leads to an increase in your attributes!
Increase (S)trength, (I)ntelligence, or (D)exterity?
You feel stronger. x2
You closely miss the quokka. The quokka misses you.
The endoplasm hits you but does no damage.
You hit the quokka but do no damage. You drain the quokka.
The quokka is moderately wounded.
The quokka bites you.
* * * LOW HITPOINT WARNING * * *
The endoplasm freezes you.
You are frozen.
You die...

........ ##
#...... #.
#..... # #.
#.#.. .# #.
#... ... #.
#######..##...#
#.
......J†r..).#
#. #@.#
###########.
#..#
#...........
#..#
#.##########
#..# #.#
#######..####.#
..............#
.######.#######
........#
........#


You could see an endoplasm and a quokka (very drained).

Vanquished Creatures
  An adder (D:2)
  2 giant cockroaches
  3 goblins (D:1)
  2 hobgoblins
  A quokka (D:1)
  3 ball pythons (D:1)
  2 bats (D:1)
  2 frilled lizards
  2 kobolds (D:1)
  2 rats
20 creatures vanquished.

Notes
Turn   | Place    | Note
-------+----------+-------------------------------------------
     0 | D:1      | BingusPrime the Gargoyle Earth Elementalist began the quest
                  | for the Orb.
     0 | D:1      | Reached XP level 1. HP: 10/10 MP: 3/3
   806 | D:1      | Reached skill level 1 in Transmutations
   806 | D:1      | Reached XP level 2. HP: 6/15 MP: 3/5
  1770 | D:2      | Reached XP level 3. HP: 4/19 MP: 3/6
  1771 | D:2      | Frozen to death by an endoplasm

Illustrated notes

Levels and vault maps discovered:
D:1:      co_arrival_square_in_a_square_in_a_square, layout_loops_corners
D:2:      layout_loops_ring, serial_shops,
          nicolae_shop_temple_entry_statues_fountains,
          shapermc_ecumenical_altar_mp_vishouse, grunt_ministairs_13,
          uniq_robin, uniq_jessica

Skill      XL: |  1 |
---------------+----+-----
Transmutations | 1 |  1.2
Dodging        | |  1.9
Stealth        | |  2.7
Spellcasting   | |  2.3
Earth Magic    | |  3.9

Action                   || total
-------------------------++-------
Melee: Short sword       ||    20
       Unarmed           ||    16
       Dagger            ||    19
 Cast: Sandblast         ||     5
 Stab: Sleeping          ||     4
Armor: Leather armour    ||    12
       Robe              ||     4
Dodge: Dodged            ||    38

Table legend: (Time is in decaauts)
 A = Elapsed time spent in this place.
 B = Non-inter-level travel time spent in this place.
 C = Inter-level travel time spent in this place.
 D = Time resting spent in this place.
 E = Time spent auto-exploring this place.
 F = Levels seen in this place.
 G = Mean time per level.
                   A        B        C        D        E       F      G
               +--------+--------+--------+--------+--------+-----+--------+
         Total |   1776 |   1702 |     74 |    483 |   1069 |   2 |  888.0 |
       Dungeon |   1776 |   1702 |     74 |    483 |   1069 |   2 |  888.0 |
               +--------+--------+--------+--------+--------+-----+--------+

Top non-repeatable levels by time:
     D:1: 1638 daAuts
     D:2: 138 daAuts
